 Dungeon Crawl Stone Soup version 0.30-a0-263-ge22c4ad894 (webtiles) character file.

Game seed: 7435057506585224349

63 koil the Grave Robber (level 3, -4/20 HPs)
             Began as a Vampire Necromancer on Oct 13, 2022.
             Slain by a goblin
             ... wielding a +0 dagger
             ... led by Robin
              (6 damage)
             ... on level 2 of the Dungeon.
             The game lasted 00:09:42 (1832 turns).

koil the Grave Robber (Vampire Necromancer)         Turns: 1832, Time: 00:09:42

Health: -4/20      AC:  2    Str:  7    XL:     3   Next: 89%
Magic:  4/6        EV: 12    Int: 19    God:
Gold:   26         SH:  0    Dex: 14    Spells: 1/6 levels left

rFire   . . .      SeeInvis +    m - +1 dagger (vamp)
rCold   + + .      Faith    .    (no shield)
rNeg    + + +      Spirit   .    a - +0 robe
rPois   ∞          Reflect  .    (no helmet)
rElec   .          Harm     .    (no cloak)
rCorr   .          Rampage  .    (no gloves)
Will    .....                    (no boots)
Stlth   ++++......               (no amulet)
HPRegen 0.00/turn                (no ring)
MPRegen 0.10/turn                (no ring)

@: very slightly contaminated, bloodless, inhibited regen
A: bloodless, fangs 3, see invisible, vampiric 2
a: Bat Form, Revivify


You were on level 2 of the Dungeon.
You visited 1 branch of the dungeon, and saw 2 of its levels.

You collected 26 gold pieces.

Inventory:

Hand Weapons
 c - a +0 sling
 m - a +1 vampiric dagger (weapon)
Armour
 a - a +0 robe (worn)
Scrolls
 d - a scroll of acquirement {unknown}
 f - a scroll of silence {unknown}
 g - a scroll of poison {unknown}
 h - a scroll of vulnerability {unknown}
 k - a scroll of fear {unknown}
Potions
 b - a potion of magic
 e - a potion of lignification {unknown}
 i - a potion of cancellation {unknown}
 j - a potion of degeneration {unknown}
 l - a potion of curing {unknown}


   Skills:
 + Level 1.0 Fighting
 + Level 2.7 Dodging
 + Level 3.8 Stealth
 + Level 1.2 Unarmed Combat
 + Level 2.4 Spellcasting
 + Level 4.7 Necromancy


You had one spell level left.
You knew the following spells:

 Your Spells              Type           Power      Damage    Failure   Level
a - Necrotise             Necr           80%        1d8       2%          1
b - Vampiric Draining     Necr           20%        2d7       7%          3
c - Freeze                Ice            8%         1d3       16%         1

Your spell library contained the following spells:

 Spells                   Type           Power      Damage    Failure   Level
 Animate Dead             Necr           20%        N/A       22%         4
 Frozen Ramparts          Ice            4%         1d1       43%         3
 Hailstorm                Conj/Ice       2%         3d3       43%         3
 Agony                    Necr           20%        N/A       54%         5


Dungeon Overview and Level Annotations

Branches:
Dungeon (2/15)

Altars:
Hepliaklqana

Annotations:
D:2 Jessica, Robin


Innate Abilities, Weirdness & Mutations

You do not regenerate when monsters are visible.
You are frail without blood (-20% HP).
You can heal yourself when you bite living creatures.
You are immune to poison.
You have razor-sharp teeth.
You have supernaturally acute eyesight. (SInv)
You are afflicted with vampirism and can become a bat while bloodless.


Message History

You are very lightly contaminated with residual magic.
Nothing appears to happen.
Robin shouts!
The goblin shouts! x3; The hobgoblin shouts!
The goblin shouts! x3
You hear a shout! x2
Jessica the Apprentice Sorceress comes into view.
She is wielding a +0 dagger.
A goblin comes into view. It is wielding a +0 club.
Robin hits you with a +0 spear.
The hobgoblin shouts!
Casting: Freeze (safe; 16% risk of failure)
Confirm with . or Enter, or press ? or * to list all spells.
Aiming: Freeze (safe; 16% risk of failure)
Press: ? - help, Shift-Dir - straight line, f/p - Robin
Aim: Robin, wielding a +0 spear, wearing a +0 animal skin and wearing a +0 helmet You freeze Robin.
Robin is moderately wounded.
Jessica shouts!
A quokka comes into view.
An endoplasm comes into view.
Robin roars a battlecry!
The goblins go into a battle-frenzy!
You hit Robin.
You feel better.
Robin is heavily wounded.
The goblin hits you with a +0 dagger. Robin hits you with a +0 spear.
You closely miss Robin.
Robin is heavily wounded.
The goblin hits you with a +0 dagger.
Robin points. "Kill!"
Robin hits you with a +0 spear.
You hit Robin but do no damage.
Robin is heavily wounded.
The goblin hits you but does no damage. Robin throws the goblin at you!
You completely miss Robin. You bite Robin, but do no damage.
Robin is heavily wounded.
The goblin hits you with a +0 dagger.
* * * LOW HITPOINT WARNING * * *
Robin hits you with a +0 spear.
* * * LOW HITPOINT WARNING * * *
You hit Robin.
You feel better.
Robin is heavily wounded.
The goblin hits you with a +0 dagger.
You die...

.......# #....#
...###.# ###..# ....
...# # . ... .... ...#
#.#.# ..... ...# #.#.#
g@... ...#
###.#.#ggr... ####
#.....#grg... ####
#..gggg.... # #.. #@#
# #.# ##g#### ###.#
#.....# ....# #.....#
....## #.####.....#
.....#####..........#
._......#######.....#
.....##...#####.....##
.....####.....#......#


You could see Robin, Jessica, a quokka, 2 hobgoblins, 7 goblins and a rat.

Vanquished Creatures
  3 worms (D:2)
  A dart slug (D:1)
  4 ball pythons
  5 bats
  An endoplasm (D:1)
  4 giant cockroaches
  4 goblins
  5 hobgoblins (D:1)
  5 jackals
  3 kobolds
  A quokka (D:2)
  2 frilled lizards (D:1)
  4 rats
42 creatures vanquished.

Vanquished Creatures (collateral kills)
  A dart slug (D:2)
  A giant cockroach (D:2)
  A hobgoblin (D:2)
  A jackal (D:1)
4 creatures vanquished.

Grand Total: 46 creatures vanquished

Notes
Turn   | Place    | Note
-------+----------+-------------------------------------------
     0 | D:1      | koil the Vampire Necromancer began the quest for the Orb.
     0 | D:1      | Reached XP level 1. HP: 13/13 MP: 3/3
   226 | D:1      | Reached XP level 2. HP: 13/19 MP: 5/5
   866 | D:1      | Gained mutation: You are afflicted with vampirism and can
                  | become a bat while bloodless. [Vampire growth]
   866 | D:1      | Reached XP level 3. HP: 25/25 MP: 6/6
  1172 | D:2      | Noticed Robin
  1193 | D:1      | Reached skill level 1 in Unarmed Combat
  1423 | D:2      | Learned a level 3 spell: Vampiric Draining
  1425 | D:2      | Learned a level 1 spell: Freeze
  1697 | D:2      | Reached skill level 1 in Fighting
  1783 | D:2      | Found a hazy altar of Hepliaklqana.
  1826 | D:2      | Noticed Jessica
  1831 | D:2      | HP: 1/20 [Robin/+0 spear (4)]
  1832 | D:2      | Slain by a goblin

Illustrated notes

Levels and vault maps discovered:
D:1:      matt_arrival_grand_opening, layout_loops_corners, grunt_decor_cap
D:2:      layout_basic, basic_altar, uniq_jessica, uniq_robin

Skill      XL: |  1  2  3 |
---------------+----------+-----
Unarmed Combat | 1 |  1.2
Fighting       | 1 |  1.0
Dodging        | |  2.7
Stealth        | |  3.8
Spellcasting   | |  2.4
Necromancy     | |  4.7

Action                   || total
-------------------------++-------
Melee: Unarmed           ||   165
       Bite              ||    20
       Punch             ||     1
       Dagger            ||     7
 Cast: Necrotise         ||    42
       Freeze            ||     1
 Abil: Exsanguinate      ||     1
 Stab: Sleeping          ||    10
Armor: Robe              ||    43
Dodge: Dodged            ||   160

Table legend: (Time is in decaauts)
 A = Elapsed time spent in this place.
 B = Non-inter-level travel time spent in this place.
 C = Inter-level travel time spent in this place.
 D = Time resting spent in this place.
 E = Time spent auto-exploring this place.
 F = Levels seen in this place.
 G = Mean time per level.
                   A        B        C        D        E       F      G
               +--------+--------+--------+--------+--------+-----+--------+
         Total |   1847 |   1793 |     54 |    128 |   1143 |   2 |  923.5 |
       Dungeon |   1847 |   1793 |     54 |    128 |   1143 |   2 |  923.5 |
               +--------+--------+--------+--------+--------+-----+--------+

Top non-repeatable levels by time:
     D:1: 1296 daAuts
     D:2: 551 daAuts
